 Dungeon Crawl Stone Soup version 0.28.0-53-g5a82cb258f (webtiles) character file.

Game seed: 11386245523726459004

2064 Gabide the Poker (level 9, -8/72 HPs)
             Began as a Human Monk on May 29, 2022.
             Was an Elder of Jiyva.
             Shot with an arrow by a centaur (12 damage)
             ... on level 7 of the Dungeon.
             The game lasted 00:10:55 (8023 turns).

Gabide the Poker (Human Monk)                       Turns: 8023, Time: 00:10:56

Health: -8/72      AC:  5    Str: 15    XL:     9   Next: 50%
Magic:  9/9        EV: 18    Int: 11    God:    Jiyva [****..]
Gold:   253        SH:  0    Dex: 23    Spells: 8/8 levels left

rFire   . . .      SeeInvis .   f - +8 dagger of Misery {holy, rCorr Str+3 Dex+4 Stlth+}
rCold   . . .      Faith    .   (no shield)
rNeg    . . .      Spirit   .   b - +1 robe
rPois   .          Reflect  .   (no helmet)
rElec   .          Harm     .   (no cloak)
rCorr   +          Rampage  .   d - +0 pair of gloves
Will    .....                   i - +0 pair of boots
Stlth   ++++......              (no amulet)
HPRegen 1.50/turn               (no ring)
MPRegen 0.51/turn               (no ring)

@: lethally poisoned (-8 -> -14), slowed, very slow
A: translucent skin 3, jelly absorbing missiles
a: Renounce Religion, Oozemancy, Slimify


You were on level 7 of the Dungeon.
You worshipped Jiyva.
Jiyva was greatly pleased with you.
You visited 2 branches of the dungeon, and saw 8 of its levels.

You collected 253 gold pieces.

Inventory:

Hand Weapons
 a - a +0 spear
 f - the +8 dagger of Misery (weapon) {holy, rCorr Str+3 Dex+4 Stlth+}
   (You found it on level 2 of the Dungeon)

   It has been blessed by the Shining One to cause great damage to the undead
   and demons.
   Str:       It affects your strength (+3).
   Dex:       It affects your dexterity (+4).
   rCorr:     It protects you from acid and corrosion.
   Stlth:     It makes you more stealthy.
 j - the +5 flail of Deflation {vorpal, rC+}
   (You found it on level 3 of the Dungeon)

   It inflicts extra damage upon your enemies.
   rC:        It protects you from cold.
Missiles
 e - 8 poisoned darts
Armour
 b - a +1 robe (worn)
 d - a +0 pair of gloves (worn)
 i - a +0 pair of boots (worn)
Wands
 q - a wand of iceblast (4) (quivered)
Scrolls
 g - a scroll of teleportation
 n - 2 scrolls of fear {unknown}
 o - a scroll of vulnerability {unknown}
 p - a scroll of noise {unknown}
Potions
 c - a potion of attraction {unknown}
 h - 2 potions of curing
 k - a potion of degeneration
 l - a potion of ambrosia
 m - a potion of magic


   Skills:
 + Level 7.5 Fighting
 + Level 7.5 Polearms
 + Level 7.5 Dodging
 - Level 2.0 Stealth


You had 8 spell levels left.
You didn't know any spells.
Your spell library was empty.

Dungeon Overview and Level Annotations

Branches:
Dungeon (7/15)             Temple (1/1) D:4

Altars:
Ashenzari
Cheibriados
Dithmenos
Elyvilon
Fedhas
Gozag
Hepliaklqana
Kikubaaqudgha
Nemelex Xobeh
Qazlal
Ru
Trog
Uskayaw
Vehumet
Wu Jian
Xom
Zin
The Shining One
Jiyva

Annotations:
D:5 2 transporters


Innate Abilities, Weirdness & Mutations

Your transparent skin significantly reduces your foes' accuracy. (Stealth+)
You have a small jelly attached to you that may absorb projectiles.


Message History

You hear a howl!
You hear a bark!
You barely miss the howler monkey.
The howler monkey is lightly wounded.
You feel yourself speed up. The howler monkey misses you. Something hits you!
The orc hits you with a +0 club.
The howler monkey hoots and howls with incredible vigour!
Something hits you.
You hear a shout! x2; You hear a howl! x2
You hear a shout!
The howler monkey hoots and howls with incredible vigour! x2
You hear a shout!
A centaur comes into view.
The centaur wields a +0 shortbow.
The centaur shoots an arrow.
The arrow hits you! Something hits you.
* * * LOW HITPOINT WARNING * * *
The howler monkey hoots and howls with incredible vigour! x2
You hear a shout! x2
The centaur shoots an arrow.
The arrow barely misses you.
The arrow hits the orc!
The orc dies!
The centaur shoots an arrow.
The arrow misses you.
A curare-tipped dart appears from out of thin air!
The curare-tipped dart hits you.
You are poisoned.
You have difficulty breathing.
* * * LOW HITPOINT WARNING * * *
You feel yourself slow down.
Activating: Oozemancy (10% risk of failure)
Press: ? - help, Dir - look around, f - activate You fail to use your ability.
You feel sick.
The centaur shoots an arrow.
The arrow misses you. The howler monkey misses you.
A curare-tipped dart appears from out of thin air!
The curare-tipped dart hits you.
You are more poisoned.
You have difficulty breathing.
* * * LOW HITPOINT WARNING * * *
You feel as though you will be slow longer.
The centaur shoots an arrow.
The arrow hits you!
You die...

#.# ........ #.##..#
#......###.
.......###...#.>....
........).)........
.................#
#.).......).....#
#.))......h{...## ...
...###$....)....# ..
.# ##..h.h@...## ..#
#......##c.# ..#
....##...###.#...#
...........#..#...###
..........###........
.........## #.#......
...#.....# #.>......
......# #........
.....###.......#


You could see a centaur and 3 howler monkeys.

Vanquished Creatures
  Edmund (D:4)
  2 sky beasts
  2 black bears (D:5)
  An orc warrior (D:5)
  A necrophage (D:5)
  2 ogres
  A centaur (D:6)
  A phantom (D:7)
  A kobold brigand (D:6)
  2 scorpions
  4 wights
  A bullfrog skeleton (D:6)
  4 orc priests
  A hound (D:6)
  2 centaur skeletons (D:5)
  An iguana (D:6)
  9 orc wizards
  A hound zombie (D:5)
  7 adders
  A gnoll (D:2)
  A howler monkey skeleton (D:3)
  2 shadow imps
  An ufetubus (D:5)
  4 dart slugs
  3 worms
  22 orcs
  10 ball pythons
  9 bats
  6 endoplasms
  4 giant cockroaches
  10 goblins
  12 hobgoblins
  5 jackals
  15 kobolds
  7 quokkas
  6 frilled lizards
  A quokka skeleton (D:4)
  7 rats
170 creatures vanquished.

Vanquished Creatures (others)
  A water moccasin zombie (D:5)
  A bullfrog zombie (D:6)
  2 jellies (D:5)
  A bullfrog skeleton (D:5)
  An adder (D:6)
  An ufetubus (D:6)
  3 orcs
10 creatures vanquished.

Grand Total: 180 creatures vanquished

Notes
Turn   | Place    | Note
-------+----------+-------------------------------------------
     0 | D:1      | Gabide the Human Monk began the quest for the Orb.
     0 | D:1      | Reached XP level 1. HP: 18/18 MP: 1/1
   273 | D:1      | Reached XP level 2. HP: 23/24 MP: 2/2
   523 | D:1      | Reached XP level 3. HP: 19/29 MP: 3/3
  1599 | D:2      | Reached XP level 4. HP: 33/36 MP: 4/4
  1773 | D:2      | Identified the +8 dagger of Misery {holy, rCorr Str+3 Dex+4
                  | Stlth+}
  1938 | D:2      | Reached XP level 5. HP: 27/42 MP: 5/5
  2107 | D:2      | Found a faded altar of an unknown god.
  2750 | D:3      | Found a blossoming altar of Fedhas.
  3049 | D:3      | Found an ornate altar of the Wu Jian Council.
  3062 | D:3      | Reached XP level 6. HP: 42/48 MP: 6/6
  3126 | D:3      | Found a shadowy altar of Dithmenos.
  3145 | D:3      | Identified the +5 flail of Deflation {vorpal, rC+}
  3366 | D:3      | HP: 2/49 [orc/+0 short sword of freezing (1)]
  3943 | D:3      | Found a white marble altar of Elyvilon.
  3943 | D:3      | Found a sacrificial altar of Ru.
  4607 | D:4      | Reached XP level 7. HP: 29/55 MP: 7/7
  4801 | D:4      | Noticed Edmund
  5110 | D:4      | HP: 2/55 [Edmund/puff of flame (6)]
  5417 | D:4      | Killed Edmund
  5418 | D:4      | Reached skill level 5 in Fighting
  5418 | D:4      | Reached skill level 5 in Polearms
  5418 | D:4      | Reached skill level 5 in Dodging
  5903 | D:4      | Found a staircase to the Ecumenical Temple.
  5912 | Temple   | Entered the Ecumenical Temple
  6082 | Temple   | Became a worshipper of Jiyva Jury the Shapeless
  6082 | Temple   | Reached * piety under Jiyva
  6082 | Temple   | Reached ** piety under Jiyva
  6408 | D:5      | Entered Level 5 of the Dungeon
  6417 | D:5      | Reached XP level 8. HP: 60/63 MP: 8/8
  6675 | D:5      | Found a snail-covered altar of Cheibriados.
  6676 | D:5      | Found a hide-covered altar of Uskayaw.
  6676 | D:5      | Noticed a wyvern
  6729 | D:5      | Noticed a two-headed ogre
  6753 | D:5      | Reached *** piety under Jiyva
  6754 | D:5      | Gained mutation: Your translucent skin slightly reduces
                  | your foes' accuracy. (Stealth+) [Jiyva's grace]
  6754 | D:5      | Gained mutation: Your translucent skin reduces your foes'
                  | accuracy. (Stealth+) [Jiyva's grace]
  6754 | D:5      | Gained mutation: Your transparent skin significantly
                  | reduces your foes' accuracy. (Stealth+) [Jiyva's grace]
  6754 | D:5      | Gained mutation: You have a small jelly attached to you
                  | that may absorb projectiles. [Jiyva's grace]
  6755 | D:5      | Found a transporter.
  6767 | D:5      | Found a transporter.
  7159 | D:6      | Reached XP level 9. HP: 46/71 MP: 9/9
  7353 | D:6      | Found a hazy altar of Hepliaklqana.
  7741 | D:6      | Reached **** piety under Jiyva
  7915 | D:7      | Found a glowing golden altar of the Shining One.
  8023 | D:7      | Shot with an arrow by a centaur

Illustrated notes

Levels and vault maps discovered:
D:1:      lightli_iron_boxes, layout_basic, kennysheep_boxes
D:2:      minmay_inner_zag, layout_loops_ring, hellmonk_ecumenical_altar_run_dry
D:3:      minmay_skewed_foursquare, layout_basic, overflow_temple_1_default,
          fedhas_ov_isle_minmay, nicolae_dithmenos_shadow_blocks,
          gammafunk_temple_overflow_wave
D:4:      layout_basic, minmay_temple_entry_mini_moons, uniq_edmund
D:5:      minmay_spotlight, layout_basic, gammafunk_temple_overflow_arena
D:6:      cheibrodos_thug_alley, layout_basic, nicolae_overflow_crystal_walls
D:7:      layout_cave_pools, nicolae_tso_carved_into_rock,
          mainiacjoe_overflow_tiny_flanked, grunt_ministairs_5
Temple:   pf_slimified_temple

Skill      XL: |  1  2  3  4  5  6  7  8  9 |
---------------+----------------------------+-----
Fighting       | 4 5 6 7 |  7.5
Polearms       | 4 5 6 7 |  7.5
Dodging        | 4 5 6 7 |  7.5
Stealth        | |  2.0

Action                   |  1- 3 |  4- 6 |  7- 9 || total
-------------------------+-------+-------+-------++-------
Melee: Spear             |   117 |    23 |       ||   140
       Dagger            |       |   137 |   248 ||   385
       Flail             |       |    12 |    21 ||    33
       Punch             |       |       |     3 ||     3
Throw: Dart              |       |       |     7 ||     7
Invok: Oozemancy         |       |       |     1 ||     1
Evoke: Wand              |       |       |     2 ||     2
  Use: Scroll            |     2 |     6 |     5 ||    13
       Potion            |       |       |     1 ||     1
 Stab: Sleeping          |     3 |    21 |     9 ||    33
Armor: Robe              |    17 |    38 |    49 ||   104
Dodge: Dodged            |    53 |    97 |   249 ||   399
